 Dungeon Crawl Stone Soup version 0.28.0-49-g6dfe1f597d (webtiles) character file.

Game seed: 4379690595179994114

99 Zeld the Chiller (level 4, 0/36 HPs)
             Began as a Ghoul Ice Elementalist on May 17, 2022.
             Slain by a quokka (1 damage)
             ... on level 4 of the Dungeon.
             The game lasted 00:04:31 (3400 turns).

Zeld the Chiller (Ghoul Ice Elementalist)           Turns: 3400, Time: 00:04:31

Health: 0/36       AC:  3    Str: 11    XL:     4   Next: 72%
Magic:  6/6        EV: 12    Int: 12    God:
Gold:   55         SH:  0    Dex:  9    Spells: 1/8 levels left

rFire   . . .      SeeInvis +   m - +4 dagger
rCold   + . .      Faith    .   (no shield)
rNeg    + + +      Spirit   .   a - +0 robe
rPois   ∞          Reflect  .   (no helmet)
rElec   .          Harm     .   (no cloak)
rCorr   +          Rampage  .   (no gloves)
Will    .....                   o - +0 pair of boots
Stlth   ++........              (no amulet)
HPRegen 0.00/turn               k - ring of see invisible
MPRegen 0.10/turn               d - ring of resist corrosion

@: inhibited regen
A: claws 1, cold resistance 1, negative energy resistance 3, inhibited
regeneration, torment resistance 2
a: no special abilities


You were on level 4 of the Dungeon.
You visited 1 branch of the dungeon, and saw 4 of its levels.

You collected 77 gold pieces.
You spent 22 gold pieces at shops.

Inventory:

Hand Weapons
 m - a +4 dagger (weapon)
Armour
 a - a +0 robe (worn)
 o - a +0 pair of boots (worn)
Jewellery
 d - a ring of resist corrosion (right claw)
 k - a ring of see invisible (left claw)
 q - a ring of flight
Scrolls
 b - 4 scrolls of teleportation {unknown}
 e - 4 scrolls of enchant armour {unknown}
 h - a scroll of identify
 i - 2 scrolls of blinking {unknown}
 n - a scroll of immolation {unknown}
Potions
 c - a potion of heal wounds {unknown}
 f - a potion of curing {unknown}
 g - a potion of degeneration {unknown}
 j - 2 potions of flight {unknown}
 l - a potion of might {unknown}


   Skills:
 * Level 2.0 Fighting
 + Level 2.2 Dodging
 + Level 2.9 Stealth
 * Level 2.5 Spellcasting
 * Level 5.0 Ice Magic


You had one spell level left.
You knew the following spells:

 Your Spells              Type           Power      Damage    Failure   Level
a - Freeze                Ice            52%        1d7       3%          1
b - Frozen Ramparts       Ice            26%        1d4       10%         3
c - Ozocubu's Armour      Ice            13%        N/A       10%         3

Your spell library contained the following spells:

 Spells                   Type           Power      Damage    Failure   Level
 Hailstorm                Conj/Ice       7%         3d4       67%         4


Dungeon Overview and Level Annotations

Branches:
Dungeon (4/15)
 Temple: D:4-7

Altars:
Ashenzari

Shops:
D:2 ?


Innate Abilities, Weirdness & Mutations

You thrive by killing the living.
You are immune to poison.
You have sharp fingernails.
Your flesh is cold resistant. (rC+)
You are immune to negative energy. (rN+++)
You do not regenerate when monsters are visible.
You are immune to unholy pain and torment.


Message History

Unknown command.
Unknown command.
You hit the hobgoblin.
The hobgoblin is heavily wounded.
The hobgoblin barely misses you. x2; The kobold throws a stone.
The stone completely misses you.
You closely miss the hobgoblin.
The hobgoblin is heavily wounded.
The hobgoblin hits you. x2
Unknown command.
You hit the hobgoblin.
The hobgoblin is severely wounded.
The hobgoblin hits you.
An ogre comes into view. It is wielding a +0 giant spiked club.
The hobgoblin hits you.
Unknown command.
Casting: Freeze (safe; 3% risk of failure)
Confirm with . or Enter, or press ? or * to list all spells.
Aiming: Freeze (safe; 3% risk of failure)
Press: ? - help, Shift-Dir - straight line, f - hobgoblin
Aim: a hobgoblin (severely wounded)
You freeze the hobgoblin.
The hobgoblin is almost dead.
The hobgoblin hits you. x2
* * * LOW HITPOINT WARNING * * *
The kobold hits you but does no damage. The hobgoblin barely misses you.
The hobgoblin hits you.
* * * LOW HITPOINT WARNING * * *
The hobgoblin hits you.
* * * LOW HITPOINT WARNING * * *
The kobold throws a stone.
The stone hits you.
* * * LOW HITPOINT WARNING * * *
A quokka comes into view.
The quokka moves out of view.
The ogre shouts!
The kobold throws a stone.
The stone closely misses you.
There is a stone staircase leading up here.
The quokka barely misses you. The quokka bites you.
You die...

###...##....###.........
##........gg..........
###.......#..........
##....#..###.........
#...................# #
##.........g.KO....##
###.##..........g..##...#
#..............r...# #...
###.##.).......@..## ...
# #.......##...# .
#.........######.....
##........# ##.#.#..
#.......... ####
##...........
............
.............
#.....#.......


You could see an ogre, a quokka, 2 hobgoblins and a kobold.

Vanquished Creatures
  2 adders
  An ufetubus (D:4)
  2 worms
  A dart slug (D:2)
  An orc (D:3)
  4 bats
  7 endoplasms
  5 giant cockroaches
  4 hobgoblins
  6 quokkas
  7 ball pythons
  3 frilled lizards
  5 goblins
  10 kobolds
  2 rats
60 creatures vanquished.

Notes
Turn   | Place    | Note
-------+----------+-------------------------------------------
     0 | D:1      | Zeld the Ghoul Ice Elementalist began the quest for the
                  | Orb.
     0 | D:1      | Reached XP level 1. HP: 14/14 MP: 2/2
     2 | D:1      | Noticed a tengu
     4 | D:1      | Noticed a draconian
     4 | D:1      | Noticed a naga
     6 | D:1      | Noticed a demigod
     8 | D:1      | Noticed a human
    12 | D:1      | Noticed an ogre
    12 | D:1      | Noticed a felid
    14 | D:1      | Noticed a dwarf
    14 | D:1      | Noticed a ghoul
    16 | D:1      | Noticed an elf
    16 | D:1      | Noticed a merfolk
    18 | D:1      | Noticed a demonspawn
    18 | D:1      | Noticed a formicid
    20 | D:1      | Noticed a vampire
    20 | D:1      | Noticed a gargoyle
    22 | D:1      | Noticed a vine stalker
    22 | D:1      | Noticed an octopode
    24 | D:1      | Noticed a troll
    24 | D:1      | Noticed a spriggan
    26 | D:1      | Noticed a minotaur
   297 | D:1      | Reached XP level 2. HP: 22/22 MP: 1/3
   617 | D:1      | Reached skill level 1 in Fighting
   927 | D:1      | Reached XP level 3. HP: 24/28 MP: 1/5
   940 | D:1      | Learned a level 3 spell: Frozen Ramparts
  1497 | D:2      | Found Joleb's Magic Scroll Emporium.
  1551 | D:2      | Bought a scroll of identify for 22 gold pieces
  1845 | D:2      | Reached XP level 4. HP: 34/35 MP: 0/6
  1849 | D:2      | Learned a level 3 spell: Ozocubu's Armour
  2356 | D:3      | Found a broken altar of Ashenzari.
  3331 | D:4      | Reached skill level 5 in Ice Magic
  3372 | D:4      | Noticed an ogre
  3381 | D:4      | HP: 1/36 [kobold/stone (2)]
  3400 | D:4      | Slain by a quokka

Illustrated notes

Levels and vault maps discovered:
D:1:      kb_arrival_jail, layout_basic, st_stairs_12, minmay_unequal
D:2:      layout_loops_ring, serial_shops, shop
D:3:      layout_loops_cross, mainiacjoe_overflow_24_doors,
          nicolae_elevator_lobby_plus
D:4:      layout_cave_pools, minmay_temple_entry_trees

Skill      XL: |  1  2  3  4 |
---------------+-------------+-----
Spellcasting   | 2 |  2.5
Fighting       | 1 2 |  2.0
Dodging        | 2 |  2.2
Ice Magic      | 5 |  5.0
Stealth        | |  2.9

Action                   |  1- 3 |  4- 6 || total
-------------------------+-------+-------++-------
Melee: Unarmed           |    43 |    12 ||    55
       Punch             |     1 |       ||     1
       Dagger            |       |    14 ||    14
 Cast: Freeze            |    62 |    30 ||    92
 Stab: Sleeping          |       |     1 ||     1
Armor: Robe              |    22 |     6 ||    28
Dodge: Dodged            |    62 |    41 ||   103
